 Dungeon Crawl Stone Soup version 0.27.1 (webtiles) character file.

Game seed: 12827041712265538079

3 dongler the Sneak (level 1, -2/18 HPs)
             Began as a Human Delver on Aug 28, 2021.
             Slain by a rat (3 damage)
             ... on level 2 of the Dungeon.
             The game lasted 00:02:39 (311 turns).

dongler the Sneak (Human Delver)                     Turns: 311, Time: 00:02:40

Health: -2/18      AC:  3    Str: 12    XL:     1   Next: 55%
Magic:  1/1        EV: 12    Int: 10    God:
Gold:   5          SH:  0    Dex: 14    Spells: 0/0 levels left

rFire    . . .     SeeInvis .   a - +0 hand axe
rCold    . . .     Faith    .   (no shield)
rNeg     . . .     Spirit   .   b - +0 leather armour
rPois    .         Reflect  .   (no helmet)
rElec    .         Harm     .   (no cloak)
rCorr    .         Rampage  .   (no gloves)
Will     .....                  (no boots)
Stlth    +++.......             (no amulet)
HPRegen  0.06/turn              (no ring)
MPRegen  0.07/turn              (no ring)

@: no status effects
A: no striking features
a: no special abilities


You were on level 2 of the Dungeon.
You visited 1 branch of the dungeon, and saw 4 of its levels.

You collected 5 gold pieces.

Inventory:

Hand Weapons
 a - a +0 hand axe (weapon)
 f - a +0 hunting sling
Armour
 b - a +0 leather armour (worn)
Wands
 g - a wand of digging (3)
 i - a wand of polymorph (7)
Scrolls
 c - a scroll of fog
 d - a scroll of magic mapping
 e - a scroll of fear
Potions
 h - a potion of attraction {unknown}


   Skills:
 + Level 3.1 Fighting
 + Level 2.0 Axes
 + Level 2.0 Dodging
 + Level 5.0 Stealth


You couldn't memorise any spells.
You didn't know any spells.
Your spell library was empty.

Dungeon Overview and Level Annotations

Branches:
Dungeon (5/15)
 Temple: D:4-7

Altars:


Message History

You barely miss the orc.
The orc is lightly wounded.
You hit the rat.
You hit the giant cockroach but do no damage.
The giant cockroach misses you. The rat bites you. The orc barely misses you.
The giant cockroach bites you but does no damage.
You barely miss the orc.
The orc is lightly wounded.
You hit the giant cockroach but do no damage.
You hit the rat but do no damage. The rat bites you but does no damage.
The giant cockroach barely misses you. The orc misses you.
You closely miss the orc.
The orc is lightly wounded.
You closely miss the rat. You barely miss the giant cockroach.
The giant cockroach bites you but does no damage.
The rat bites you but does no damage. The orc hits you with a +0 club.
The giant cockroach barely misses you.
You barely miss the orc.
The orc is lightly wounded.
You barely miss the giant cockroach. You barely miss the rat.
The rat closely misses you. The orc hits you with a +0 club.
* * * LOW HITPOINT WARNING * * *
The giant cockroach closely misses you. The rat misses you.
The orc hits you with a +0 club.
* * * LOW HITPOINT WARNING * * *
You barely miss the orc.
The orc is lightly wounded.
You barely miss the giant cockroach. You hit the rat.
The giant cockroach bites you.
* * * LOW HITPOINT WARNING * * *
The rat completely misses you. The orc closely misses you.
Unknown command.
The giant cockroach bites you but does no damage.
You hit the giant cockroach but do no damage.
You closely miss the rat. You hit the orc.
The giant cockroach closely misses you. The orc hits you but does no damage.
The rat bites you but does no damage.
The giant cockroach bites you but does no damage.
The rat bites you.
You die...

#######..........# .#
#..........# .#
#..........# .#
#..........# ..
#..........# ..#
#..........#
#.(....#########
#..............#
#........r@....#
#.####...B.....########
#........o............#
#.####.........######.#
#.........# #.#
#.........# #.#
#$........# #.#
########### #.# #.#


You could see an orc, a giant cockroach and a rat.

Vanquished Creatures
  A ball python (D:2)
  An endoplasm (D:2)
  A bat (D:2)
3 creatures vanquished.

Notes
Turn   | Place    | Note
-------+----------+-------------------------------------------
     0 | D:5      | dongler the Human Delver began the quest for the Orb.
     0 | D:5      | Reached XP level 1. HP: 18/18 MP: 1/1
     5 | D:5      | Noticed an ogre
    12 | D:5      | Noticed a jelly
    37 | D:4      | Noticed a sky beast
   107 | D:3      | Noticed an orc wizard
   311 | D:2      | Slain by a rat

Illustrated notes

Levels and vault maps discovered:
D:2:      layout_basic, minmay_fractal_squares_5
D:3:      layout_rooms, mainiacjoe_overflow_alcove_4,
          lemuel_coloured_pillars_altar
D:4:      layout_loops_cross, eat_drink_and_be_merry_uskayaw,
          worldfamousw_hep_ancestral_shrine, minmay_misc_feat_room,
          corexii_leaking_fountain, nicolae_shop_gadgets
D:5:      layout_rooms, minmay_temple_entry_glassed_door, uniq_duvessa

Action                   || total
-------------------------++-------
Melee: Hand axe          ||    13
  Use: Potion            ||     2
Armor: Leather armour    ||    26
Dodge: Dodged            ||    56
